[ AOE2 MATCH · #505730797 ]
UnrankedKhmer vs Teutons
Player's team · LOSS
Rival team · WIN
[ REPLAY ANALYSIS · EXTRACTED FROM THE RECORDED GAME ]
Feudal
9:30
Castle
—
Imperial
—
| APM avg | 61.6 |
| APM peak | 96 |
| eAPM avg | 22.8 |
| Villagers / military | 57 / 21 |
Focus
⚔️ 23.1% · 🌾 76.9%
Scout Cavalry ×21
Feudal
9:31
Castle
28:49
Imperial
—
| APM avg | 30.7 |
| APM peak | 61 |
| eAPM avg | 18.7 |
| Villagers / military | 59 / 5 |
Focus
⚔️ 31.4% · 🌾 68.6%
Spearman ×3 · Knight ×2
Match map
Initial resources + every placement click. Lines = walls · curves = elevation contours. ◆ gold · ⬟ stone · ● berries · ✦ relic · ◌ wall gap
Your base· Open — unwalled flank
Lord_calderon's base· Open — unwalled flank
Smoothed initial terrain · ◌ = detected wall gap · hover for details
Inputs per minute
— Soloarqueros - - Lord_calderon
Build order — Soloarqueros
143 actions detected in the replay
| 0:00 | Queue | Villager (Male) |
| 0:00 | Queue | Villager (Male) |
| 0:01 | Queue | Villager (Male) |
| 0:01 | Queue | Villager (Male) |
| 0:02 | Build | House |
| 0:03 | Build | House |
| 1:32 | Queue | Villager (Male) |
| 1:45 | Queue | Villager (Male) |
| 2:16 | Queue | Villager (Male) |
| 2:21 | Build | Lumber Camp |
| 2:45 | Queue | Villager (Male) |
| 2:55 | Queue | Villager (Male) |
| 3:27 | Build | House |
| 3:29 | Queue | Villager (Male) |
| 3:55 | Queue | Villager (Male) |
| 4:24 | Queue | Villager (Male) |
| 4:29 | Queue | Villager (Male) |
| 5:02 | Queue | Villager (Male) |
| 5:30 | Queue | Villager (Male) |
| 5:59 | Build | Outpost |
| 6:24 | Queue | Villager (Male) |
| 6:24 | Queue | Villager (Male) |
| 6:55 | Research | Loom |
| 7:07 | Build | Outpost |
| 7:09 | Build | Mill |
| 7:16 | Research | Feudal Age |
| 7:33 | Build | Outpost |
| 8:03 | Build | Farm |
| 8:11 | Build | Outpost |
| 9:20 | Queue | Villager (Male) |
| 9:30 | Age | Feudal Age |
| 9:31 | Build | Stable |
| 9:33 | Build | House |
| 9:39 | Research | Town Watch |
| 9:43 | Research | Double-Bit Axe |
| 9:44 | Queue | Villager (Male) |
| 10:12 | Queue | Villager (Male) |
| 10:14 | Build | Farm |
| 10:15 | Build | Farm |
| 10:16 | Queue | Scout Cavalry |
| 10:16 | Queue | Scout Cavalry |
| 10:26 | Build | Farm |
| 10:32 | Queue | Villager (Male) |
| 10:39 | Queue | Villager (Male) |
| 10:58 | Queue | Scout Cavalry |
| 11:41 | Queue | Villager (Male) |
| 11:57 | Build | House |
| 12:21 | Queue | Villager (Male) |
| 12:48 | Queue | Villager (Male) |
| 12:55 | Build | Farm |
| 13:13 | Build | Watch Tower |
| 13:23 | Queue | Villager (Male) |
| 13:48 | Queue | Villager (Male) |
| 14:27 | Queue | Villager (Male) |
| 14:35 | Queue | Scout Cavalry |
| 14:50 | Queue | Villager (Male) |
| 14:56 | Build | Mining Camp |
| 15:23 | Queue | Villager (Male) |
| 15:32 | Build | Lumber Camp |
| 15:44 | Queue | Villager (Male) |
| 15:52 | Build | House |
| 16:15 | Queue | Villager (Male) |
| 16:16 | Queue | Scout Cavalry |
| 16:38 | Queue | Scout Cavalry |
| 16:58 | Build | Watch Tower |
| 17:09 | Queue | Villager (Male) |
| 17:17 | Queue | Villager (Male) |
| 18:33 | Queue | Villager (Male) |
| 18:37 | Build | Mill |
| 18:38 | Build | Farm |
| 18:38 | Build | Farm |
| 18:38 | Build | Farm |
| 18:39 | Build | Farm |
| 19:15 | Build | Watch Tower |
| 19:33 | Build | Watch Tower |
| 19:55 | Queue | Villager (Male) |
| 20:23 | Queue | Villager (Male) |
| 21:03 | Queue | Villager (Male) |
| 21:22 | Queue | Villager (Male) |
| 21:32 | Build | House |
| 21:59 | Build | Watch Tower |
| 22:03 | Build | House |
| 22:04 | Queue | Villager (Male) |
| 22:30 | Build | House |
| 22:55 | Build | Farm |
| 23:09 | Queue | Villager (Male) |
| 23:14 | Build | Farm |
| 23:14 | Queue | Scout Cavalry |
| 23:15 | Queue | Scout Cavalry |
| 23:29 | Build | Watch Tower |
| 23:31 | Queue | Scout Cavalry |
| 23:38 | Build | House |
| 23:49 | Queue | Villager (Male) |
| 23:51 | Build | Farm |
| 23:53 | Build | Farm |
| 23:55 | Build | Farm |
| 23:57 | Build | Farm |
| 24:09 | Queue | Villager (Male) |
| 24:20 | Queue | Villager (Male) |
| 24:25 | Build | Farm |
| 24:37 | Build | Mining Camp |
| 24:45 | Queue | Scout Cavalry |
| 25:09 | Build | Watch Tower |
| 25:10 | Queue | Scout Cavalry |
| 25:11 | Queue | Scout Cavalry |
| 25:15 | Queue | Villager (Male) |
| 25:19 | Build | House |
| 25:20 | Queue | Scout Cavalry |
| 25:30 | Build | Stable |
| 25:31 | Build | Farm |
| 25:41 | Queue | Villager (Male) |
| 25:56 | Queue | Villager (Male) |
| 27:06 | Queue | Villager (Male) |
| 27:07 | Queue | Villager (Male) |
| 27:12 | Queue | Scout Cavalry |
| 27:12 | Queue | Scout Cavalry |
| 27:29 | Queue | Villager (Male) |
| 27:33 | Build | Farm |
| 27:33 | Build | Farm |
| 27:34 | Build | Farm |
| 27:34 | Build | Farm |
| 27:34 | Build | Farm |
| 27:35 | Build | House |
| 27:50 | Queue | Scout Cavalry |
| 28:04 | Queue | Scout Cavalry |
| 28:05 | Queue | Villager (Male) |
| 28:19 | Queue | Villager (Male) |
| 28:23 | Build | Watch Tower |
| 28:46 | Build | Blacksmith |
| 28:47 | Queue | Scout Cavalry |
| 28:48 | Queue | Scout Cavalry |
| 29:02 | Queue | Villager (Male) |
| 29:09 | Queue | Villager (Male) |
| 29:13 | Build | House |
| 29:14 | Queue | Villager (Male) |
| 29:21 | Build | Farm |
| 29:21 | Build | Farm |
| 29:29 | Queue | Scout Cavalry |
| 29:30 | Queue | Villager (Male) |
| 29:44 | Build | House |
| 29:48 | Queue | Villager (Male) |
| 29:52 | Research | Scale Barding Armor |
| 30:04 | Queue | Scout Cavalry |
Build order — Lord_calderon
First 150 of 152 actions detected
| 0:02 | Queue | Villager (Male) |
| 0:02 | Queue | Villager (Male) |
| 0:03 | Build | House |
| 0:04 | Build | House |
| 0:06 | Queue | Villager (Male) |
| 0:07 | Queue | Villager (Male) |
| 0:07 | Queue | Villager (Male) |
| 1:38 | Queue | Villager (Male) |
| 2:05 | Queue | Villager (Male) |
| 2:25 | Queue | Villager (Male) |
| 2:26 | Queue | Villager (Male) |
| 2:29 | Build | Mill |
| 2:59 | Queue | Villager (Male) |
| 3:19 | Queue | Villager (Male) |
| 3:34 | Build | House |
| 3:47 | Queue | Villager (Male) |
| 3:47 | Queue | Villager (Male) |
| 4:09 | Queue | Villager (Male) |
| 4:09 | Queue | Villager (Male) |
| 4:21 | Build | Lumber Camp |
| 4:40 | Queue | Villager (Male) |
| 4:40 | Queue | Villager (Male) |
| 4:57 | Queue | Villager (Male) |
| 4:57 | Queue | Villager (Male) |
| 5:06 | Queue | Villager (Male) |
| 5:07 | Queue | Villager (Male) |
| 5:33 | Queue | Villager (Male) |
| 5:40 | Research | Loom |
| 6:52 | Queue | Villager (Male) |
| 7:21 | Research | Feudal Age |
| 7:21 | Research | Feudal Age |
| 7:45 | Build | House |
| 7:49 | Build | Palisade Wall |
| 7:50 | Build | Palisade Wall |
| 8:11 | Build | Mining Camp |
| 9:31 | Age | Feudal Age |
| 9:32 | Queue | Villager (Male) |
| 9:35 | Build | Palisade Wall |
| 9:36 | Build | Palisade Wall |
| 9:49 | Queue | Villager (Male) |
| 9:59 | Build | Watch Tower |
| 10:14 | Build | Blacksmith |
| 10:33 | Build | Watch Tower |
| 10:34 | Queue | Villager (Male) |
| 10:42 | Build | Palisade Wall |
| 10:53 | Build | Palisade Wall |
| 10:55 | Build | Palisade Wall |
| 10:57 | Build | Palisade Wall |
| 11:04 | Build | Palisade Wall |
| 11:15 | Research | Fletching |
| 11:15 | Queue | Villager (Male) |
| 11:23 | Build | Palisade Wall |
| 11:25 | Build | Palisade Wall |
| 11:29 | Build | Palisade Wall |
| 11:44 | Queue | Villager (Male) |
| 12:20 | Queue | Villager (Male) |
| 12:24 | Build | House |
| 12:50 | Queue | Villager (Male) |
| 12:52 | Build | Farm |
| 12:52 | Build | Farm |
| 12:53 | Build | Farm |
| 12:53 | Build | Farm |
| 13:14 | Build | Watch Tower |
| 13:24 | Build | Palisade Wall |
| 13:26 | Build | Palisade Wall |
| 13:27 | Build | Palisade Wall |
| 13:32 | Build | Palisade Wall |
| 13:36 | Build | Palisade Wall |
| 13:56 | Queue | Villager (Male) |
| 13:59 | Build | Farm |
| 13:59 | Build | Farm |
| 14:02 | Queue | Villager (Male) |
| 14:28 | Queue | Villager (Male) |
| 14:31 | Build | Farm |
| 14:42 | Research | Double-Bit Axe |
| 15:03 | Queue | Villager (Male) |
| 15:15 | Build | Watch Tower |
| 15:17 | Queue | Villager (Male) |
| 15:22 | Build | Farm |
| 15:28 | Build | House |
| 15:56 | Queue | Villager (Male) |
| 16:04 | Queue | Villager (Male) |
| 16:17 | Queue | Villager (Male) |
| 16:34 | Build | Watch Tower |
| 16:35 | Queue | Villager (Male) |
| 16:39 | Build | Farm |
| 16:39 | Build | Farm |
| 16:45 | Build | House |
| 16:51 | Build | Palisade Wall |
| 17:05 | Build | Mining Camp |
| 17:19 | Queue | Villager (Male) |
| 17:36 | Queue | Villager (Male) |
| 18:12 | Queue | Villager (Male) |
| 18:13 | Queue | Villager (Male) |
| 18:13 | Queue | Villager (Male) |
| 18:16 | Build | House |
| 18:55 | Queue | Villager (Male) |
| 19:01 | Build | Farm |
| 19:03 | Build | Farm |
| 19:06 | Build | Farm |
| 19:07 | Build | Farm |
| 19:16 | Queue | Villager (Male) |
| 19:42 | Queue | Villager (Male) |
| 19:48 | Queue | Villager (Male) |
| 20:02 | Queue | Villager (Male) |
| 20:14 | Queue | Villager (Male) |
| 20:22 | Queue | Villager (Male) |
| 20:26 | Build | Watch Tower |
| 20:27 | Queue | Villager (Male) |
| 20:47 | Queue | Villager (Male) |
| 22:03 | Build | Watch Tower |
| 22:07 | Queue | Villager (Male) |
| 23:17 | Build | Farm |
| 23:32 | Build | Barracks |
| 23:53 | Build | Watch Tower |
| 24:01 | Queue | Villager (Male) |
| 24:03 | Build | Farm |
| 24:13 | Queue | Villager (Male) |
| 24:41 | Build | House |
| 25:05 | Queue | Villager (Male) |
| 25:10 | Build | Stable |
| 25:19 | Build | House |
| 25:43 | Build | Palisade Wall |
| 25:55 | Queue | Spearman |
| 25:56 | Queue | Spearman |
| 26:09 | Research | Castle Age |
| 26:17 | Queue | Villager (Male) |
| 27:03 | Queue | Villager (Male) |
| 27:36 | Queue | Spearman |
| 27:41 | Research | Bloodlines |
| 27:45 | Build | Stable |
| 28:40 | Research | Forging |
| 28:49 | Age | Castle Age |
| 28:56 | Queue | Knight |
| 29:00 | Build | Farm |
| 29:01 | Build | Farm |
| 29:01 | Build | Farm |
| 29:01 | Build | Farm |
| 29:15 | Build | Farm |
| 29:16 | Build | Farm |
| 29:17 | Build | Farm |
| 29:17 | Build | Farm |
| 29:17 | Build | Farm |
| 29:17 | Build | Farm |
| 29:31 | Build | Town Center |
| 29:40 | Queue | Knight |
| 29:46 | Build | Farm |
| 29:47 | Build | Farm |
| 29:47 | Build | Farm |
| 29:48 | Build | Farm |
Match timeline
| 7:49 | Lord_calderon · wall_segment Palisade Wall x5 |
| 7:50 | Lord_calderon · wall_segment Palisade Wall x2 |
| 9:30 | Soloarqueros · age_up feudal |
| 9:31 | Lord_calderon · age_up feudal |
| 9:31 | Soloarqueros · first_building Stable |
| 9:35 | Lord_calderon · wall_segment Palisade Wall x1 |
| 9:36 | Lord_calderon · wall_segment Palisade Wall x4 |
| 10:42 | Lord_calderon · wall_segment Palisade Wall x1 |
| 10:53 | Lord_calderon · wall_segment Palisade Wall x1 |
| 10:55 | Lord_calderon · wall_segment Palisade Wall x1 |
| 10:57 | Lord_calderon · wall_segment Palisade Wall x1 |
| 11:04 | Lord_calderon · wall_segment Palisade Wall x1 |
| 11:23 | Lord_calderon · wall_segment Palisade Wall x1 |
| 11:25 | Lord_calderon · wall_segment Palisade Wall x1 |
| 11:29 | Lord_calderon · wall_segment Palisade Wall x1 |
| 13:24 | Lord_calderon · wall_segment Palisade Wall x1 |
| 13:26 | Lord_calderon · wall_segment Palisade Wall x1 |
| 13:27 | Lord_calderon · wall_segment Palisade Wall x1 |
| 13:32 | Lord_calderon · wall_segment Palisade Wall x1 |
| 13:36 | Lord_calderon · wall_segment Palisade Wall x1 |
| 16:51 | Lord_calderon · wall_segment Palisade Wall x1 |
| 23:32 | Lord_calderon · first_building Barracks |
| 25:10 | Lord_calderon · first_building Stable |
| 25:43 | Lord_calderon · wall_segment Palisade Wall x1 |
| 28:49 | Lord_calderon · age_up castle |
| 30:23 | Lord_calderon · wall_segment Palisade Wall x1 |
| 30:29 | Soloarqueros · resign |
[ AI ANALYSIS · 1 CREDIT ]
What really happened in this match?
Wolo.gg analyzes every decision: build order, eco, micro, common mistakes by bracket. Personalized analysis on WhatsApp or Discord in 30 seconds.
Civ guide
Khmer
Perfil
Jugador #22611492